PBA
SAN FRANCISCO SPOTS @ OAKLAND DUCKS
05/02/1915
 
TOP OF THE 1ST
San Francisco Spots batting - Pitching for Oakland Ducks : RHP Norman Postlethwaite
Pitching: RHP Norman Postlethwaite
Batting: RHB Harry Francombe 0-0: Ball
1-0: Called Strike
1-1: Ball
2-1: Ball
3-1: Base on Balls
Batting: RHB Eugene Fyson 0-0: Ball
Harry Francombe is caught stealing 2nd base 2-4
1-0: Ball
2-0: Called Strike
2-1: Called Strike
2-2: Foul Ball, location: 5F
2-2: Foul Ball, location: 5F
2-2: SINGLE (Line Drive, 9S, EV 88.8 MPH)
Batting: RHB William Loosemoor 0-0: Foul Ball, location: 2F
0-1: Ball
1-1: Ball
2-1: Swinging Strike
2-2: Ball
3-2: Foul Ball, location: 9LMF
3-2: Base on Balls
Eugene Fyson to second
Batting: RHB Eino Fuller 0-0: Fly out, F7 (Flyball, 78S, EV 90.0 MPH)
Batting: RHB Garfield Smead 0-0: Ball
1-0: Called Strike
1-1: Foul Ball, location: 5F
1-2: Fielders Choice at 2nd, U4 (Groundball, 4M, EV 80.6 MPH)
Top of the 1st over - 0 runs, 1 hit, 0 errors, 2 left on base; San Francisco 0 - Oakland 0
BOTTOM OF THE 1ST
Oakland Ducks batting - Pitching for San Francisco Spots : RHP Bennie Hardesty
Pitching: RHP Bennie Hardesty
Batting: LHB Wilburn Stowe 0-0: Ball
1-0: Ball
2-0: Ball
3-0: Base on Balls
Batting: RHB Dominic Palmer 0-0: Ball
Wilburn Stowe is caught stealing 2nd base 2-4
1-0: Bunt for hit to 25 - play at first, batter safe!
Batting: RHB Wilson Keetley 0-0: Ball
Wild Pitch!
Dominic Palmer to second
1-0: Swinging Strike
1-1: Foul Ball, location: 2F
1-2: Foul Ball, location: 2F
1-2: Fly out, F3 (Popup, 23F, EV 91.3 MPH)
Batting: SHB Clarence Clark 0-0: Ball
1-0: Ball
2-0: Called Strike
2-1: Ball
3-1: Base on Balls
Batting: RHB Walter Maillard 0-0: Swinging Strike
0-1: Foul Ball, location: 2F
0-2: Ball
1-2: Ground out 2-3 (Groundball, 15S, EV 76.3 MPH)
Bottom of the 1st over - 0 runs, 1 hit, 0 errors, 2 left on base; San Francisco 0 - Oakland 0
TOP OF THE 2ND
San Francisco Spots batting - Pitching for Oakland Ducks : RHP Norman Postlethwaite
Batting: SHB Leroy Beeby 0-0: Ball
1-0: Called Strike
1-1: Swinging Strike
1-2: Ball
2-2: Foul Ball, location: 2F
2-2: Ball
3-2: Fly out, F9 (Flyball, 9S, EV 90.0 MPH)
Batting: RHB Ivory Moore 0-0: Ball
1-0: Foul Ball, location: 3F
1-1: Ground out 6-3 (Groundball, 6, EV 78.8 MPH)
Batting: LHB Marcelin Pennell 0-0: Ball
1-0: Swinging Strike
1-1: Called Strike
1-2: Ball
2-2: Ground out 4-3 (Groundball, 4, EV 92.5 MPH)
Top of the 2nd over - 0 runs, 0 hits, 0 errors, 0 left on base; San Francisco 0 - Oakland 0
BOTTOM OF THE 2ND
Oakland Ducks batting - Pitching for San Francisco Spots : RHP Bennie Hardesty
Batting: SHB Melville Robinson 0-0: Ball
1-0: Swinging Strike
1-1: Ground out 6-3 (Groundball, P, EV 85.6 MPH)
Batting: SHB Lewis Tunstall 0-0: Swinging Strike
0-1: Ball
1-1: Ball
2-1: Ball
3-1: Fly out, F7 (Line Drive, 7, EV 103.8 MPH)
Batting: RHB Winston Dyall 0-0: Fly out, F4 (Popup, 34S, EV 85.6 MPH)
Bottom of the 2nd over - 0 runs, 0 hits, 0 errors, 0 left on base; San Francisco 0 - Oakland 0
TOP OF THE 3RD
San Francisco Spots batting - Pitching for Oakland Ducks : RHP Norman Postlethwaite
Batting: RHB Bennie Hardesty 0-0: Swinging Strike
0-1: Called Strike
0-2: Strikes out swinging
Batting: RHB Harry Francombe 0-0: TRIPLE (Flyball, 78XD, EV 88.8 MPH)
Batting: RHB Eugene Fyson 0-0: Ball
1-0: Foul Ball, location: 2F
1-1: SINGLE (Groundball, 56S, EV 70.6 MPH) (infield hit)
Harry Francombe scores
Batting: RHB William Loosemoor 0-0: Ball
1-0: Foul Ball, location: 7LSF
1-1: Foul Ball, location: 5DF
1-2: Ball
2-2: Strikes out looking
Batting: RHB Eino Fuller 0-0: Ball
1-0: Ball
2-0: Called Strike
2-1: Called Strike
2-2: Ground out 4-3 (Groundball, 34, EV 90.6 MPH)
Top of the 3rd over - 1 run, 2 hits, 0 errors, 1 left on base; San Francisco 1 - Oakland 0
BOTTOM OF THE 3RD
Oakland Ducks batting - Pitching for San Francisco Spots : RHP Bennie Hardesty
Batting: RHB Norman Postlethwaite 0-0: Ball
1-0: Ball
2-0: Fly out, F8 (Flyball, 78D, EV 99.4 MPH)
Batting: LHB Wilburn Stowe 0-0: Ball
1-0: Ball
2-0: Ball
3-0: Called Strike
3-1: Foul Ball, location: 2F
3-2: Fly out, F3 (Popup, 3SF, EV 73.8 MPH)
Batting: RHB Dominic Palmer 0-0: Ball
1-0: Ball
2-0: Ball
3-0: Called Strike
3-1: Fly out, F9 (Line Drive, 9, EV 91.3 MPH)
Bottom of the 3rd over - 0 runs, 0 hits, 0 errors, 0 left on base; San Francisco 1 - Oakland 0
TOP OF THE 4TH
San Francisco Spots batting - Pitching for Oakland Ducks : RHP Norman Postlethwaite
Batting: RHB Garfield Smead 0-0: Called Strike
0-1: Swinging Strike
0-2: Ball
1-2: Ball
2-2: Single, Error in OF, E9, batter to second base (Line Drive, 9LS, EV 103.8 MPH)
Batting: SHB Leroy Beeby 0-0: Swinging Strike
0-1: Fly out, F6 (Popup, 6S, EV 78.1 MPH)
Batting: RHB Ivory Moore 0-0: Ball
1-0: Ball
2-0: Fly out, F8 (Line Drive, 8RM, EV 98.8 MPH)
Batting: LHB Marcelin Pennell 0-0: Ball
1-0: Called Strike
1-1: Ground out U3 (Groundball, 34, EV 106.9 MPH)
Top of the 4th over - 0 runs, 1 hit, 1 error, 1 left on base; San Francisco 1 - Oakland 0
BOTTOM OF THE 4TH
Oakland Ducks batting - Pitching for San Francisco Spots : RHP Bennie Hardesty
Batting: RHB Wilson Keetley 0-0: Ball
1-0: Foul Ball, location: 5SF
1-1: Foul Ball, location: 7LMF
1-2: Ball
2-2: Strikes out swinging
Batting: SHB Clarence Clark 0-0: Ball
1-0: Bunt for hit to 25 - play at first, batter OUT! 5-3
Batting: RHB Walter Maillard 0-0: Foul Ball, location: 2F
0-1: Ball
1-1: Ball
2-1: Ball
3-1: Foul Ball, location: 2F
3-2: Base on Balls
Batting: SHB Melville Robinson 0-0: Ball
1-0: Ball
2-0: Ball
3-0: Base on Balls
Walter Maillard to second
Batting: SHB Lewis Tunstall 0-0: Ball
1-0: Called Strike
1-1: Foul Ball, location: 3SF
1-2: Ground out U3 (Groundball, 34S, EV 76.3 MPH)
Bottom of the 4th over - 0 runs, 0 hits, 0 errors, 2 left on base; San Francisco 1 - Oakland 0
TOP OF THE 5TH
San Francisco Spots batting - Pitching for Oakland Ducks : RHP Norman Postlethwaite
Batting: RHB Bennie Hardesty 0-0: Called Strike
0-1: Ball
1-1: Ball
2-1: Swinging Strike
2-2: Foul Ball, location: 2F
2-2: Strikes out swinging
Batting: RHB Harry Francombe 0-0: Ball
1-0: Ground out 6-3 (Groundball, 6M, EV 96.3 MPH)
Batting: RHB Eugene Fyson 0-0: Fly out, F8 (Flyball, 8LM, EV 91.3 MPH)
Top of the 5th over - 0 runs, 0 hits, 0 errors, 0 left on base; San Francisco 1 - Oakland 0
BOTTOM OF THE 5TH
Oakland Ducks batting - Pitching for San Francisco Spots : RHP Bennie Hardesty
Batting: RHB Winston Dyall 0-0: Foul Ball, location: 2F
0-1: Called Strike
0-2: Ball
1-2: Ball
2-2: Reached on error, E6 (Groundball, 6, EV 96.3 MPH)
Batting: RHB Norman Postlethwaite 0-0: Sac Bunt to 23 - play at first, batter OUT! 3-4
Winston Dyall to second
Batting: LHB Wilburn Stowe 0-0: Ball
1-0: Ball
2-0: Ball
3-0: Base on Balls
Batting: RHB Dominic Palmer 0-0: Ball
1-0: Ball
2-0: Ball
3-0: Swinging Strike
3-1: Swinging Strike
3-2: Foul Ball, location: 3DF
3-2: Base on Balls
Winston Dyall to third
Wilburn Stowe to second
Batting: RHB Wilson Keetley 0-0: Swinging Strike
0-1: Called Strike
0-2: SINGLE (Line Drive, 7S, EV 107.5 MPH)
Winston Dyall scores
Wilburn Stowe to third
Dominic Palmer to second
Runner from 3rd tries for Home, SAFE, throw by LF to home
Batting: SHB Clarence Clark 0-0: Ball
1-0: Fielders Choice at 2nd, 2-6 (Groundball, 2R, EV 70.0 MPH)
Dominic Palmer to third
Batting: RHB Walter Maillard 0-0: Ground out 5-3 (Groundball, 15, EV 88.8 MPH)
Bottom of the 5th over - 2 runs, 1 hit, 1 error, 2 left on base; San Francisco 1 - Oakland 2
TOP OF THE 6TH
San Francisco Spots batting - Pitching for Oakland Ducks : RHP Norman Postlethwaite
Batting: RHB William Loosemoor 0-0: Called Strike
0-1: Ball
1-1: Fly out, F8 (Flyball, 8LXD, EV 88.8 MPH)
Batting: RHB Eino Fuller 0-0: Ground out 1-3 (Groundball, P, EV 69.4 MPH)
Batting: RHB Garfield Smead 0-0: Foul Ball, location: 7LMFF
0-1: Ball
1-1: Ball
2-1: Ball
3-1: Ground out 6-3 (Groundball, 56, EV 107.5 MPH)
Top of the 6th over - 0 runs, 0 hits, 0 errors, 0 left on base; San Francisco 1 - Oakland 2
BOTTOM OF THE 6TH
Oakland Ducks batting - Pitching for San Francisco Spots : RHP Bennie Hardesty
Pitching: RHP Julio Saxby
Now at 1B: Edward Anderson
Batting: SHB Melville Robinson 0-0: Ball
1-0: Called Strike
1-1: Ball
2-1: Foul Ball, location: 2F
2-2: Ground out U3 (Groundball, 3, EV 98.8 MPH)
Batting: SHB Lewis Tunstall 0-0: Ball
1-0: Called Strike
1-1: Ball
2-1: Ground out 4-3 (Groundball, 34, EV 89.4 MPH)
Batting: RHB Winston Dyall 0-0: Ball
1-0: Called Strike
1-1: Ball
2-1: Foul Ball, location: 2F
2-2: Foul Ball, location: 3SF
2-2: Strikes out swinging
Bottom of the 6th over - 0 runs, 0 hits, 0 errors, 0 left on base; San Francisco 1 - Oakland 2
TOP OF THE 7TH
San Francisco Spots batting - Pitching for Oakland Ducks : RHP Norman Postlethwaite
Batting: SHB Leroy Beeby 0-0: Ground out U3 (Groundball, 3, EV 101.3 MPH)
Batting: RHB Ivory Moore 0-0: Swinging Strike
0-1: Foul Ball, location: 9LMF
0-2: Ball
1-2: Foul Ball, location: 2F
1-2: Strikes out looking
Batting: LHB Marcelin Pennell 0-0: Ball
1-0: Ground out 4-3 (Groundball, 34, EV 81.3 MPH)
Top of the 7th over - 0 runs, 0 hits, 0 errors, 0 left on base; San Francisco 1 - Oakland 2
BOTTOM OF THE 7TH
Oakland Ducks batting - Pitching for San Francisco Spots : RHP Julio Saxby
Pinch Hitting: LHB Teodoro Mylott 0-0: Called Strike
0-1: Ball
1-1: Ground out 5-3 (Groundball, 56S, EV 60.6 MPH)
Batting: LHB Wilburn Stowe 0-0: Ball
1-0: Called Strike
1-1: Called Strike
1-2: Ground out 6-3 (Groundball, 6, EV 88.1 MPH)
Batting: RHB Dominic Palmer 0-0: SINGLE (Line Drive, 7LM, EV 98.1 MPH)
Batting: RHB Wilson Keetley 0-0: Called Strike
0-1: Ball
1-1: Ball
2-1: Ground out 4-3 (Groundball, 4, EV 83.1 MPH)
Bottom of the 7th over - 0 runs, 1 hit, 0 errors, 1 left on base; San Francisco 1 - Oakland 2
TOP OF THE 8TH
San Francisco Spots batting - Pitching for Oakland Ducks : RHP Norman Postlethwaite
Pitching: RHP Angelo Tolley
Batting: RHB Edward Anderson 0-0: Ball
1-0: Ground out 5-3 (Groundball, 5, EV 88.1 MPH)
Pinch Hitting: RHB Charles Matthews 0-0: Foul Ball, location: 2F
0-1: Ball
1-1: Foul Ball, location: 2LF
1-2: Ground out 6-3 (Groundball, 6MS, EV 84.4 MPH)
Pinch Hitting: RHB Theodore Barker 0-0: Ball
1-0: Ball
2-0: Foul Ball, location: 2F
2-1: Foul Ball, location: 2F
2-2: Ball
3-2: Foul Ball, location: 2F
3-2: Strikes out swinging
Top of the 8th over - 0 runs, 0 hits, 0 errors, 0 left on base; San Francisco 1 - Oakland 2
BOTTOM OF THE 8TH
Oakland Ducks batting - Pitching for San Francisco Spots : RHP Julio Saxby
Now at SS: Robert Walmsley
Now in LF: Orie Luttrell
Batting: SHB Clarence Clark 0-0: Called Strike
0-1: Fly out, F9 (Flyball, 9D, EV 94.4 MPH)
Batting: RHB Walter Maillard 0-0: Foul Ball, location: 9LMF
0-1: Ball
1-1: Ball
2-1: Ground out 6-3 (Groundball, 6, EV 93.8 MPH)
Batting: SHB Melville Robinson 0-0: Called Strike
0-1: Fly out, F8 (Line Drive, 8RD, EV 109.4 MPH)
Bottom of the 8th over - 0 runs, 0 hits, 0 errors, 0 left on base; San Francisco 1 - Oakland 2
TOP OF THE 9TH
San Francisco Spots batting - Pitching for Oakland Ducks : RHP Angelo Tolley
Batting: RHB William Loosemoor 0-0: Ground out 6-3 (Groundball, 56S, EV 83.1 MPH)
Pinch Hitting: RHB Walter Taylor 0-0: Ball
1-0: Ball
2-0: Ground out 4-3 (Groundball, 34S, EV 87.5 MPH)
Batting: RHB Garfield Smead 0-0: Called Strike
0-1: Ball
1-1: SINGLE (Line Drive, 7S, EV 94.4 MPH)
Batting: SHB Leroy Beeby 0-0: Ball
1-0: Called Strike
1-1: Ball
2-1: Ball
3-1: Swinging Strike
3-2: Foul Ball, location: 7LMF
3-2: Strikes out swinging
Top of the 9th over - 0 runs, 1 hit, 0 errors, 1 left on base; San Francisco 1 - Oakland 2
Thursday, October 31st , 2024 - OOTP Baseball 25.9 Build 91